 Dungeon Crawl Stone Soup version 0.27.1-33-g824d729ab1 (webtiles) character file.

Game seed: 13317412745761635631

2835 ces the Cleaver (level 9, -2/71 HPs)
             Began as a Minotaur Fighter on Dec 12, 2021.
             Was an Initiate of Gozag.
             Slain by an orc knight (21 damage)
             ... in a bailey.
             The game lasted 00:10:14 (9574 turns).

ces the Cleaver (Minotaur Fighter)                  Turns: 9574, Time: 00:10:15

Health: -2/71      AC:  8    Str: 23    XL:     9   Next: 45%
Magic:  8/8        EV: 10    Int:  5    God:    Gozag
Gold:   412        SH:  0    Dex: 11    Spells: 8/8 levels left

rFire    . . .     SeeInvis .   j - +0 battleaxe
rCold    . . .     Faith    .   (shield currently unavailable)
rNeg     . . .     Spirit   .   b - +1 scale mail
rPois    .         Reflect  .   (helmet restricted)
rElec    .         Harm     .   (no cloak)
rCorr    .         Rampage  .   (no gloves)
Will     .....                  (no boots)
Stlth    ..........             (no amulet)
HPRegen  0.21/turn              (no ring)
MPRegen  0.11/turn              (no ring)

@: mighty, about to teleport, gold aura
A: horns 2, retaliatory headbutt
a: Renounce Religion, Potion Petition, Call Merchant, Bribe Branch


You were in a bailey.
You worshipped Gozag.
Gozag was aware of your devotion.
You visited 2 branches of the dungeon, and saw 9 of its levels.
You also visited: Bailey.

You collected 516 gold pieces.
You paid 104 gold pieces to Gozag.

Inventory:

Hand Weapons
 a - a +0 war axe
 j - a +0 battleaxe (weapon)
Missiles
 i - 8 bolts
Armour
 b - a +1 scale mail (worn)
Jewellery
 f - a ring of magical power
 l - a ring of resist corrosion
 s - a ring of protection from cold
Wands
 m - a wand of iceblast (5)
 t - a wand of flame (21)
Scrolls
 g - 2 scrolls of vulnerability
 k - a scroll of summoning {unknown}
 o - a scroll of fear {unknown}
 p - a scroll of blinking {unknown}
Potions
 d - a potion of might
 h - 2 potions of haste
 q - 2 potions of flight
 v - a potion of attraction
 w - a potion of mutation {unknown}


   Skills:
 + Level 4.2 Fighting
 * Level 14.4 Axes
 + Level 4.4 Armour
 + Level 1.1 Dodging
 - Level 1.1 Stealth
 - Level 3.6 Shields


You had 8 spell levels left.
You didn't know any spells.
Your spell library contained the following spells:

 Spells                   Type           Power      Damage    Failure   Level
 Corpse Rot               Necr/Air       N/A        N/A       89%         2
 Poisonous Vapours        Pois/Air       0%         N/A       89%         2
 Animate Dead             Necr           0%         N/A       100%        4
 Borgnjor's Vile Clutch   Necr/Erth      0%         N/A       100%        5
 Freezing Cloud           Conj/Ice/Air   0%         6-21      100%        5
 Death Channel            Necr           0%         N/A       100%        6


Dungeon Overview and Level Annotations

Branches:
Dungeon (8/15)             Temple (1/1) D:7          Bailey (1/1)
   Lair: D:8-11

Altars:
Ashenzari
Cheibriados
Dithmenos
Elyvilon
Fedhas
Gozag
Hepliaklqana
Kikubaaqudgha
Makhleb
Nemelex Xobeh
Okawaru
Qazlal
Ru
Sif Muna
Trog
Uskayaw
Vehumet
Xom
Yredelemnul
Zin
The Shining One

Annotations:
D:8 Harold


Innate Abilities, Weirdness & Mutations

You have a pair of horns on your head.
You reflexively headbutt those who attack you in melee.


Message History

Things that are here:
9 gold pieces; a +0 halberd The gnoll is distracted by your dazzling golden aura.
There is an open door, spattered with blood here.
The gnoll shouts!
There is a fountain of blood here.
There is an open door here.
There is an open door here.
The gnoll barely misses you. You furiously retaliate!
You headbutt the gnoll!
You kill the gnoll!
The gnoll hits you from afar with a +0 halberd.
A kobold comes into view.
There is an open door here.
You feel very mighty all of a sudden. The gnoll closely misses you.
The gnoll hits you with a +0 halberd!
There is an open door, spattered with blood here.
You closely miss the gnoll. You headbutt the gnoll.
The gnoll is moderately wounded.
The gnoll hits you with a +0 halberd!
You chop the gnoll into pieces!!!
You kill the gnoll!
The hobgoblin drinks a potion.
The hobgoblin suddenly seems more resistant.
You closely miss the kobold. The kobold hits you but does no damage.
You barely miss the kobold. You headbutt the kobold.
You kill the kobold!
You closely miss the orc knight. You headbutt the orc knight.
The orc knight is lightly wounded.
The gnoll hits you from afar with a +2 halberd of electrocution!
The orc knight hits you with a +0 war axe!
You are too injured to fight recklessly!
You are too injured to fight recklessly!
As you read the scroll of teleportation, it crumbles to dust.
You feel strangely unstable.
The gnoll hits you from afar with a +2 halberd of electrocution.
* * * LOW HITPOINT WARNING * * *
The orc knight hits you with a +0 war axe!!
You die...
Your body crumbles into a pile of gold.

###.(...#####.(...###
#.'..∩..'.#.').⌠..'.#
###.....#####.....###
##.....## #.....##
##'##'##'###'##'##'##
#.###.###.#.# #.###.#
### ### ##### ### #'#
#.###.###.#
##@##'##'## .
##o..$$## ..
###g.$.$### ..⌠
#.'g.⌠..'.#


ggg ###.....### og ##.....# #g###'##'##'# #.'$###.# #.# ##### ### ## You could
see an orc knight, a gnoll and a hobgoblin (resistant).

Vanquished Creatures
  A steam dragon (D:7)
  Menkaure (D:7)
  2 water moccasins
  A sky beast (D:8)
  2 black bears
  An ice beast (D:7)
  A necrophage (D:5)
  2 ogres (D:6)
  A centaur (D:7)
  2 phantoms
  A kobold brigand (D:6)
  Blork the orc (D:6)
  2 scorpions
  5 bullfrogs
  A water moccasin zombie (D:6)
  A water moccasin skeleton (D:5)
  A bullfrog zombie (D:7)
  A centaur zombie (D:5)
  A centaur skeleton (D:7)
  A jelly (D:4)
  A gnoll shaman (D:4)
  3 orc priests
  5 hounds
  3 iguanas
  2 orc wizards (D:5)
  A howler monkey skeleton (D:6)
  12 gnolls
  6 adders
  A shadow imp (D:5)
  3 white imps
  2 ufetubi (D:4)
  A worm (D:2)
  2 dart slugs
  9 orcs
  12 ball pythons
  9 bats
  6 endoplasms
  4 giant cockroaches
  10 goblins
  14 hobgoblins
  2 jackals (D:4)
  17 kobolds
  2 quokkas
  6 frilled lizards
  7 rats
169 creatures vanquished.

Vanquished Creatures (others)
  A plant (D:1)
1 creature vanquished.

Grand Total: 170 creatures vanquished

Notes
Turn   | Place    | Note
-------+----------+-------------------------------------------
     0 | D:1      | ces the Minotaur Fighter began the quest for the Orb.
     0 | D:1      | Reached XP level 1. HP: 19/19 MP: 0/0
    43 | D:1      | Reached skill level 3 in Axes
   474 | D:1      | Reached XP level 2. HP: 27/27 MP: 1/1
   581 | D:1      | Found a faded altar of an unknown god.
   847 | D:1      | Reached skill level 4 in Axes
   933 | D:2      | Reached XP level 3. HP: 33/33 MP: 2/2
  1426 | D:2      | Reached skill level 5 in Axes
  1824 | D:2      | Reached XP level 4. HP: 37/40 MP: 3/3
  2264 | D:3      | Noticed an ogre
  2452 | D:3      | Found a sacrificial altar of Ru.
  2874 | D:4      | Noticed a phantom
  2880 | D:4      | Killed a phantom
  2881 | D:4      | Reached skill level 6 in Axes
  2881 | D:4      | Reached XP level 5. HP: 29/46 MP: 4/4
  3108 | D:4      | Found a shadowy altar of Dithmenos.
  3133 | D:4      | Reached skill level 7 in Axes
  3540 | D:4      | Reached XP level 6. HP: 38/52 MP: 5/5
  3786 | D:5      | Entered Level 5 of the Dungeon
  4053 | D:5      | Reached skill level 8 in Axes
  4262 | D:5      | Reached skill level 9 in Axes
  4262 | D:5      | Reached XP level 7. HP: 41/58 MP: 6/6
  4911 | D:5      | Found an iron altar of Okawaru.
  4926 | D:5      | Reached skill level 10 in Axes
  5636 | D:5      | Found a glowing silver altar of Zin.
  5636 | D:5      | Found a blossoming altar of Fedhas.
  5966 | D:6      | Reached skill level 11 in Axes
  5966 | D:6      | Reached XP level 8. HP: 66/66 MP: 7/7
  6074 | D:6      | Noticed Blork the orc
  6078 | D:6      | Killed Blork the orc
  6079 | D:6      | Reached skill level 12 in Axes
  6079 | D:6      | Reached skill level 1 in Stealth
  6139 | D:6      | Found a snail-covered altar of Cheibriados.
  6912 | D:6      | Reached skill level 13 in Axes
  7181 | D:7      | Reached XP level 9. HP: 33/71 MP: 8/8
  7539 | D:7      | Found a staircase to the Ecumenical Temple.
  7599 | D:7      | Reached skill level 14 in Axes
  7698 | Temple   | Entered the Ecumenical Temple
  7909 | Temple   | Became a worshipper of Gozag Ym Sagoz the Greedy
  7986 | D:7      | Noticed Menkaure
  7995 | D:7      | Killed Menkaure
  8881 | D:8      | Noticed Harold
  8881 | D:8      | Found a burning altar of Makhleb.
  8961 | D:8      | Found a flagged portal.
  9100 | Bailey   | Entered a bailey
  9410 | Bailey   | Reached skill level 1 in Dodging
  9551 | Bailey   | Noticed an orc knight
  9574 | Bailey   | Slain by an orc knight

Illustrated notes

Levels and vault maps discovered:
D:1:      wander_arrival_fairy_ring, layout_rooms,
          shapermc_ecumenical_altar_venn, minmay_tetromino_i4
D:2:      layout_loops_cross, roderic_roman_lattice
D:3:      layout_loops_ring, lemuel_tele_altar
D:4:      layout_loops_cross, grunt_dithmenos_smoke_and_mirrors
D:5:      layout_rooms, okawaru_trees_2, jmf_multi_god_temple,
          hangedman_abyss_or_decor_lesser_grid, st_stairs_11
D:6:      layout_loops_corners, mainiacjoe_overflow_small_starburst,
          hangedman_decor_push, kennysheep_small_circle, uniq_blork_the_orc
D:7:      layout_gridville, minmay_temple_entry_slanted, uniq_menkaure
D:8:      layout_layer_cave, bloody_makhleb, enter_bailey_5, uniq_psyche,
          uniq_grum, uniq_harold
Temple:   eino_temple_water
Bailey:   bailey_axe_2, bailey

Skill      XL: |  1  2  3  4  5  6  7  8  9 |
---------------+----------------------------+-----
Axes           | 3 4 5 6 7 9 11 13 14 | 14.4
Stealth        | 1 |  1.1
Fighting       | 4 |  4.2
Armour         | 4 |  4.4
Dodging        | 1 |  1.1
Shields        | |  3.6

Action                   |  1- 3 |  4- 6 |  7- 9 || total
-------------------------+-------+-------+-------++-------
Melee: War axe           |   109 |   120 |   171 ||   400
       Headbutt          |    11 |    12 |    41 ||    64
       Battleaxe         |       |       |    65 ||    65
  Use: Scroll            |       |     4 |     7 ||    11
       Potion            |       |     1 |     4 ||     5
Armor: Scale mail        |    68 |    67 |   105 ||   240
Dodge: Dodged            |    41 |    42 |    86 ||   169
Block: Kite shield       |    63 |    84 |    88 ||   235
